 Dungeon Crawl Stone Soup version 0.21-a0-278-ga722497 (webtiles) character file.

22 tidbits the Grave Robber (level 2, 0/20 HPs)
             Began as a Draconian Necromancer on Sept 22, 2017.
             Slain by an adder (5 damage)
             ... on level 2 of the Dungeon.
             The game lasted 00:03:27 (592 turns).

tidbits the Grave Robber (Draconian Necromancer)     Turns: 592, Time: 00:03:27

Health: 0/20       AC:  6    Str: 10    XL:     2   Next: 68%
Magic:  1/5        EV: 12    Int: 15    God:
Gold:   34         SH:  0    Dex: 11    Spells: 3/5 levels left

rFire    . . .     SeeInvis .   c - +0 short sword (curse)
rCold    . . .     Gourm    .   (no shield)
rNeg     . . .     Faith    .   (armour unavailable)
rPois    .         Spirit   .   (helmet restricted)
rElec    .         Reflect  .   C - +1 cloak
rCorr    .         Harm     .   (no gloves)
MR       .....                  (no boots)
Stlth    ++........             (no amulet)
HPRegen  0.06/turn              (no ring)
MPRegen  0.09/turn              (no ring)

@: no status effects
A: unfitting armour, cold-blooded, AC +4
a: no special abilities


You were on level 2 of the Dungeon.
You were not hungry.

You visited 1 branch of the dungeon, and saw 2 of its levels.

You collected 34 gold pieces.

Inventory:

Hand Weapons
 c - a cursed +0 short sword (weapon)
Missiles
 f - 13 arrows
Armour
 C - a +1 cloak (worn)
Scrolls
 e - a scroll of identify {unknown}
Potions
 a - a potion of heal wounds {unknown}
 d - 3 potions of curing {unknown}
Books
 h - a book of Necromancy

   Spells                             Type                      Level
   a - Pain                           Necromancy                   1
   b - Animate Skeleton               Necromancy                   1
   c - Vampiric Draining              Necromancy                   3
   d - Regeneration                   Charms/Necromancy            3
   e - Animate Dead                   Necromancy                   4
   f - Control Undead                 Necromancy                   4
Comestibles
 b - 3 bread rations
 i - 4 chunks of flesh
 j - 4 fruits


   Skills:
 - Level 1.7 Dodging
 - Level 1.7 Stealth
 + Level 2.3 Spellcasting
 * Level 4.6 Necromancy


You had 3 spell levels left.
You knew the following spells:

 Your Spells              Type           Power        Failure   Level  Hunger
n - Animate Skeleton      Necr           N/A          3%          1    #......
z - Pain                  Necr           ###.         3%          1    #......


Dungeon Overview and Level Annotations

Branches:
Dungeon (2/15)

Altars:
Ashenzari
Dithmenos
Ru


Innate Abilities, Weirdness & Mutations

Your plain brown scales are hard. (AC +4)
You cannot fit into any form of body armour.
You are cold-blooded and may be slowed by cold attacks.


Message History

Your hobgoblin skeleton misses the goblin.
You closely miss the goblin. The goblin hits you but does no damage.
Your hobgoblin skeleton closely misses the goblin.
You barely miss the goblin. The goblin hits you.
* * * LOW HITPOINT WARNING * * *
Your hobgoblin skeleton barely misses the goblin.
Casting: Animate Skeleton
Confirm with . or Enter, or press ? or * to list all spells.
Aiming: Pain
Press: ? - help, Shift-Dir - straight line, f - goblin
Aim: a goblin (chance to defeat MR: 85%)
The goblin writhes in agony!
You kill the goblin!
b - 3 bread rations (gained 1)
j - 4 fruits
Found 14 gold pieces.
Found a stone staircase leading down.
A goblin comes into view. It is wielding a dagger.
The goblin shouts!
You hear an angry hiss.
A ball python comes into view.
Casting: Pain
Confirm with . or Enter, or press ? or * to list all spells.
Aiming: Pain
Press: ? - help, Shift-Dir - straight line, f - goblin
Aim: a goblin, wielding a dagger (chance to defeat MR: 85%)
The goblin writhes in agony!
You kill the goblin!
Casting: Pain
Confirm with . or Enter, or press ? or * to list all spells.
Aiming: Pain
Press: ? - help, Shift-Dir - straight line, f - ball python
Aim: a ball python (chance to defeat MR: 85%)
The ball python writhes in agony!
You kill the ball python!
You see here a ball python corpse.
Things that are here:
a dagger; a goblin corpse You now have 27 gold pieces (gained 14).
There is a stone staircase leading down here.
You cannot walk slowly right now!
Unknown command.
As you read the scroll labeled FIROIS HITHA, it crumbles to dust.
It is a scroll of recharging.
You aren't carrying any rechargeable items.
As you read the scroll labeled BYFAFR NUMM, it crumbles to dust.
You hear a voice calling someone else's name.
It was a scroll of random uselessness.
As you read the scroll labeled ZAMUAZXAHO, it crumbles to dust.
It is a scroll of enchant armour.
Your +0 cloak glows green for a moment.
You climb downwards.
Your mindless thrall stays behind.
Found a scroll labeled UKHLUG SUTZ and a pink potion.
Found three altars.
There is a stone staircase leading up here.
A giant cockroach comes into view.
An adder comes into view.
A bat comes into view.
You see here a pink potion.
d - 3 pink potions (gained 1)
Found 13 arrows.
e - a scroll labeled UKHLUG SUTZ
There are no items here.
A bat comes into view.
Found 7 gold pieces.
Casting: Pain
Confirm with . or Enter, or press ? or * to list all spells.
Aiming: Pain
Press: ? - help, Shift-Dir - straight line, f - bat
Aim: a bat (chance to defeat MR: 85%)
The bat writhes in agony!
You kill the bat!
You see here 13 arrows.
f - 13 arrows You now have 34 gold pieces (gained 7).
Okay, then.
Casting: Pain
Confirm with . or Enter, or press ? or * to list all spells.
Aiming: Pain
Press: ? - help, Shift-Dir - straight line, f - bat
Aim: a bat (chance to defeat MR: 85%)
The bat writhes in agony!
The bat hits you but does no damage.
Casting: Pain
Confirm with . or Enter, or press ? or * to list all spells.
Aiming: Pain
Press: ? - help, Shift-Dir - straight line, f/p - bat
Aim: a bat (moderately wounded, chance to defeat MR: 85%)
The bat writhes in agony!
You kill the bat!
Casting: Pain
Confirm with . or Enter, or press ? or * to list all spells.
Aiming: Pain
Press: ? - help, Shift-Dir - straight line, f - adder
Aim: an adder (chance to defeat MR: 80%)
The adder writhes in agony!
Casting: Pain
Confirm with . or Enter, or press ? or * to list all spells.
Aiming: Pain
Press: ? - help, Shift-Dir - straight line, f/p - adder
Aim: an adder (heavily wounded, chance to defeat MR: 80%)
The adder writhes in agony!
The adder bites you.
You die...

.# .. .#### .#.. # ..#
##.###.# #
.#.....<##### .#
..........†.# ..#
..._.....@#.# ##.. .
.........S#.###...##..
.....⌠.._.#..#..#....#
..........##.#.#....#
..._.....###.......#
.........# #....##..#
s......### #....#
.....# ##....# .....
#.....#


You could see an adder.

Vanquished Creatures
  A ball python (D:1)
  2 goblins (D:1)
  4 hobgoblins (D:1)
  3 kobolds (D:1)
  6 bats
  3 frilled lizards (D:1)
  3 rats (D:1)
22 creatures vanquished.

Notes
Turn   | Place    | Note
-------+----------+-------------------------------------------
     0 | D:1      | tidbits the Draconian Necromancer began the quest for the Orb.
     0 | D:1      | Reached XP level 1. HP: 14/14 MP: 3/3
   159 | D:1      | Learned a level 1 spell: Animate Skeleton
   290 | D:1      | Reached XP level 2. HP: 11/20 MP: 0/5
   540 | D:2      | Found a sacrificial altar of Ru.
   540 | D:2      | Found a shattered altar of Ashenzari.
   540 | D:2      | Found a shadowy altar of Dithmenos.
   592 | D:2      | Slain by an adder

Vault maps used:
D:1:      dpeg_arrival_boxes_within_box
D:2:      yredelemnul_altar_generic, grunt_temple_overflow_open, st_stairs_14

Action                   || total
-------------------------++-------
Melee: Unarmed           ||    12
       Club              ||     8
       Short sword       ||     2
 Cast: Pain              ||    35
       Animate Skeleton  ||     1
  Use: Scroll            ||     3
Armor: Skin              ||     7
Dodge: Dodged            ||    26

Table legend:
 A = Spawn XP
 B = Non-spawn XP
 C = Spawn XP percentage of total XP
 D = Spawn monster count
 E = Non-spawn monster count
 F = Spawn count percentage of total count
 G = Total turns spent on level
                    A         B        C        D         E        F      G
               +---------+---------+-------+---------+---------+-------+---------
         Total |       0 |      32 |   0.0 |       0 |      22 |   0.0 |   592
               +---------+---------+-------+---------+---------+-------+---------
           D:1 |       0 |      28 |   0.0 |       0 |      20 |   0.0 |   540
           D:2 |       0 |       4 |   0.0 |       0 |       2 |   0.0 |    52
               +---------+---------+-------+---------+---------+-------+---------

Table legend:
 A = Turns spent in this place as a percentage of turns spent in the entire game.
 B = Non-inter-level travel turns spent in this place as a percentage of non-inter-level travel turns spent in the entire game.
 C = Inter-level travel turns spent in this place as a percentage of turns spent in this place.
 D = Turns resting spent in this place as a percentage of non-inter-level travel turns spent in this place.
 E = Turns spent auto-exploring this place as a percentage of non-inter-level travel turns spent in this place.
 F = Non-inter-level travel turns spent in this place divided by the number of levels of this place that you've seen.
                   A       B       C       D       E      F
               +-------+-------+-------+-------+-------+----------------------
         Total | 100.0 | 100.0 |   0.0 |   0.0 |   0.0 | 296.0
       Dungeon | 100.0 | 100.0 |   0.0 |   0.0 |   0.0 | 296.0
               +-------+-------+-------+-------+-------+----------------------

Table legend:
 A = Kills in this place as a percentage of kills in entire the game.
 B = Kills by you in this place as a percentage of kills by you in the entire game.
 C = Kills by friends in this place as a percentage of kills by friends in the entire game.
 D = Other kills in this place as a percentage of other kills in the entire game.
 E = Experience gained in this place as a percentage of experience gained in the entire game.
 F = Experience gained in this place divided by the number of levels of this place that you have seen.
                   A       B       C       D       E      F
               +-------+-------+-------+-------+-------+----------------------
         Total | 100.0 | 100.0 |   N/A |   N/A | 100.0 |  16.0
       Dungeon | 100.0 | 100.0 |   N/A |   N/A | 100.0 |  16.0
               +-------+-------+-------+-------+-------+----------------------

Vault maps used:
D:1:      dpeg_arrival_boxes_within_box
D:2:      yredelemnul_altar_generic, grunt_temple_overflow_open, st_stairs_14
